 Dungeon Crawl Stone Soup version 0.21.1-1-g345015f (webtiles) character file.

2135 Dfrag the Destroyer (level 9, -6/68 HPs)
             Began as a Naga Conjurer on Feb 24, 2018.
             Mangled by a killer bee (9 damage)
             ... on level 6 of the Dungeon.
             The game lasted 00:11:24 (5487 turns).

Dfrag the Destroyer (Naga Conjurer)                 Turns: 5487, Time: 00:11:25

Health: -6/68      AC:  6    Str: 11    XL:     9   Next: 30%
Magic:  23/30      EV: 10    Int: 19    God:
Gold:   406        SH:  0    Dex: 11    Spells: 13/24 levels left

rFire    + . .     SeeInvis +   e - +0 falchion (elec)
rCold    . . .     Gourm    .   (no shield)
rNeg     . . .     Faith    .   a - +0 robe
rPois    +         Spirit   .   w - +0 helmet
rElec    .         Reflect  .   p - +0 cloak
rCorr    .         Harm     .   (no gloves)
MR       +....                  (no barding)
Stlth    ++........             B - amulet of magic regeneration
HPRegen  0.21/turn              h - ring of protection from fire
MPRegen  0.47/turn              y - ring of magical power

@: lethally poisoned (-6 -> -11), very slow
A: large, see invisible, deformed body, poison resistance, slowness 2, slow
metabolism 1, spit poison 1, AC +3
a: Spit Poison


You were on level 6 of the Dungeon.
You were not hungry.

You visited 1 branch of the dungeon, and saw 7 of its levels.
You also visited: Sewer.

You collected 406 gold pieces.

Inventory:

Hand Weapons
 e - a +0 falchion of electrocution (weapon)
Armour
 a - a +0 robe (worn)
 p - a +0 cloak (worn)
 w - a +0 helmet (worn)
Jewellery
 h - a ring of protection from fire (left hand)
 y - a ring of magical power (right hand)
 B - an amulet of magic regeneration (around neck)
 D - an uncursed ring of see invisible
Wands
 o - a wand of flame (21)
 u - a wand of paralysis (13)
 x - a wand of disintegration (5)
Scrolls
 g - 2 scrolls of noise
 i - a scroll of blinking
 l - 3 scrolls of enchant weapon
 n - a scroll of fear
 q - 2 scrolls of remove curse
 v - 3 scrolls of magic mapping
 z - 2 scrolls of teleportation
 A - a scroll of amnesia
Potions
 d - 4 potions of curing
 j - 7 potions of heal wounds
 k - 3 potions of agility {unknown}
 m - a potion of berserk rage {unknown}
 r - 2 potions of flight {unknown}
 s - 3 potions of brilliance {unknown}
 t - a potion of might
 C - 2 potions of haste {unknown}
Books
 b - a book of Conjurations

   Spells                             Type                      Level
   a - Magic Dart                     Conjuration                  1
   b - Searing Ray                    Conjuration                  2
   c - Dazzling Spray                 Conjuration/Hexes            3
   d - Fulminant Prism                Conjuration/Hexes            4
   e - Force Lance                    Conjuration/Translocation    4
   f - Iskenderun's Mystic Blast      Conjuration                  4
Comestibles
 c - 14 rations


   Skills:
 - Level 1.5 Dodging
 - Level 3.0 Stealth
 + Level 8.0 Spellcasting
 + Level 9.4 Conjurations


You had 13 spell levels left.
You knew the following spells:

 Your Spells              Type           Power        Failure   Level  Hunger
a - Magic Dart            Conj           ####         1%          1    None
b - Searing Ray           Conj           #####.       1%          2    None
c - Iskenderun's Mystic   Conj           #####...     1%          4    ###....
d - Force Lance           Conj/Tloc      ####....     13%         4    ###....


Dungeon Overview and Level Annotations

Branches:
Dungeon (7/15)
 Temple: D:4-7

Altars:
Cheibriados
Fedhas
Sif Muna
Uskayaw
Xom
Yredelemnul
Zin
The Shining One

Shops:
D:6 *


Innate Abilities, Weirdness & Mutations

You cannot wear boots.
Your serpentine skin is tough. (AC +3)
You have supernaturally acute eyesight. (SInv)
Armour fits poorly on your strangely shaped body.
Your system is resistant to poisons. (rPois)
You cover ground very slowly.
You have a slow metabolism.
You can spit poison.


Message History

The killer bee is lightly wounded.
The killer bee stings you!
* * * LOW HITPOINT WARNING * * *
You are poisoned.
The killer bee poisons you!
The orc hits you with an enchanted hand axe.
* * * LOW HITPOINT WARNING * * *
The killer bee stings you.
* * * LOW HITPOINT WARNING * * *
The killer bee completely misses you.
You riposte.
You closely miss the killer bee.
Casting: Iskenderun's Mystic Blast
Confirm with . or Enter, or press ? or * to list all spells.
Aiming: Iskenderun's Mystic Blast
Press: ? - help, Shift-Dir - straight line, f/p - orc
Aim: an orc, wielding an enchanted hand axe (severely wounded)
The orb of energy misses the orc.
You feel sick. The killer bee stings you!
* * * LOW HITPOINT WARNING * * *
The killer bee stings you!
You die...

#..#.((#..#####.#.####..#
#..#####((# #.#.# #..#
#.....)...# #.#.## #..#
#.....).#.# #..#.###..#
#.#.....#.# #.###.....## ###
#.##...##.######.#.###...#
..####.###.###...>.....##.....##
#..............oyy÷.......###..#
###.............@######..##⌠##.#
##.###.###.#.....# #...#_#..#
...............### #.......##
....##.###.#..## ##.......#
###...## #.#..# #...∩...#
###.######....# ##.....##
...........##.###########[...##
.##.######.##..............<..#
.##.######.##################.#


You could see 2 killer bees and an orc.

Vanquished Creatures
  An orc warrior (D:6)
  A black bear (D:6)
  2 phantoms (D:5)
  2 ogres (D:4)
  2 centaurs
  A big kobold (Sewer)
  3 bullfrogs
  3 scorpions
  A killer bee (D:7)
  3 howler monkeys (D:4)
  3 crimson imps
  2 centaur zombies
  2 hounds (D:5)
  A jelly (D:5)
  3 orc priests
  A bullfrog skeleton (D:4)
  A centaur skeleton (D:4)
  3 orc wizards
  Terence (D:2)
  A worker ant (D:7)
  10 adders
  7 river rats
  2 shadow imps
  An ooze (D:2)
  An adder skeleton (D:5)
  4 worms
  2 dart slugs
  6 leopard geckos
  12 orcs
  3 giant cockroaches
  11 goblins
  8 hobgoblins
  8 jackals
  25 kobolds
  8 quokkas
  9 ball pythons
  7 bats
  5 frilled lizards
  A quokka skeleton (D:4)
  A quokka zombie (D:5)
  25 rats
193 creatures vanquished.

Notes
Turn   | Place    | Note
-------+----------+-------------------------------------------
     0 | D:1      | Dfrag the Naga Conjurer began the quest for the Orb.
     0 | D:1      | Reached XP level 1. HP: 15/15 MP: 3/3
     9 | D:1      | You fall through a shaft!
     9 | D:2      | Noticed Terence
    23 | D:2      | Killed Terence
    23 | D:2      | Reached XP level 2. HP: 22/22 MP: 3/5
    23 | D:2      | Reached XP level 3. HP: 28/28 MP: 4/7
   264 | D:2      | Found a snail-covered altar of Cheibriados.
   264 | D:2      | Found a deep blue altar of Sif Muna.
   342 | D:2      | Reached XP level 4. HP: 36/36 MP: 4/8
   349 | D:2      | Learned a level 2 spell: Searing Ray
   811 | D:1      | Reached skill level 5 in Conjurations
  1328 | D:3      | Reached XP level 5. HP: 34/42 MP: 3/10
  1408 | D:3      | Found a glowing drain.
  1519 | Sewer    | Entered a sewer
  2039 | Sewer    | Noticed a big kobold
  2051 | Sewer    | Killed a big kobold
  2051 | Sewer    | Reached XP level 6. HP: 31/49 MP: 1/12
  2116 | Sewer    | Reached skill level 6 in Conjurations
  2298 | D:3      | Found a glowing golden altar of the Shining One.
  2302 | D:3      | Found a basalt altar of Yredelemnul.
  2307 | D:3      | Noticed a profane servitor
  2326 | D:3      | Noticed an angel
  2606 | D:3      | Found a shimmering altar of Xom.
  2948 | D:4      | Reached XP level 7. HP: 40/55 MP: 3/14
  3035 | D:4      | Reached skill level 5 in Spellcasting
  3105 | D:4      | Found a blossoming altar of Fedhas.
  3136 | D:4      | Reached skill level 7 in Conjurations
  3298 | D:4      | Reached XP level 8. HP: 49/62 MP: 9/16
  3773 | D:5      | Entered Level 5 of the Dungeon
  3978 | D:5      | Reached skill level 8 in Conjurations
  4409 | D:6      | Found Zin's Purification Station.
  4409 | D:6      | Found a glowing silver altar of Zin.
  4467 | D:6      | Noticed a hand axe
  4468 | D:6      | Noticed a dagger
  4470 | D:6      | Found a hide-covered altar of Uskayaw.
  4482 | D:6      | Reached XP level 9. HP: 29/68 MP: 5/20
  4654 | D:6      | Reached skill level 9 in Conjurations
  4861 | D:6      | Learned a level 4 spell: Iskenderun's Mystic Blast
  5072 | D:6      | Learned a level 4 spell: Force Lance
  5487 | D:6      | HP: 3/68 [killer bee (8)]
  5487 | D:6      | Mangled by a killer bee

Skill      XL: |  1  2  3  4  5  6  7  8  9 |
---------------+----------------------------+-----
Spellcasting   | 3 4 5 7 8 |  8.0
Conjurations   | 5 6 7 8 9 |  9.4
Dodging        | |  1.5
Stealth        | |  3.0

Action                   |  1- 3 |  4- 6 |  7- 9 || total
-------------------------+-------+-------+-------++-------
Melee: Falchion          |     3 |    71 |    31 ||   105
 Cast: Magic Dart        |    17 |    96 |    27 ||   140
       Searing Ray       |       |    23 |    46 ||    69
       Iskenderun's Myst |       |       |     6 ||     6
 Abil: Spit Poison       |     4 |    12 |     5 ||    21
  Use: Potion            |       |     2 |       ||     2
       Scroll            |       |       |     8 ||     8
 Stab: Sleeping          |       |     3 |     1 ||     4
  Eat: Chunk             |       |     7 |     7 ||    14
Armor: Robe              |     1 |    37 |    36 ||    74
Dodge: Dodged            |    12 |   108 |    76 ||   196
       Rpst.: Falchion   |     6 |    35 |    26 ||    67
